 Dungeon Crawl Stone Soup version 0.25-a0-803-g58bd18402a (webtiles) character file.

Game seed: 9562246790656537747, levelgen mode: deterministic

1290 Maedhros the Sneak (level 8, -3/50 HPs)
             Began as an Octopode Artificer on Apr 19, 2020.
             Was a Follower of Cheibriados.
             Slain by an orc warrior
             ... wielding a +0 war axe
              (21 damage)
             ... in a bailey.
             The game lasted 00:09:15 (3038 turns).

Maedhros the Sneak (Octopode Artificer)             Turns: 3038, Time: 00:09:16

Health: -3/50      AC:  1    Str: 15    XL:     8   Next: 55%
Magic:  12/12      EV: 14    Int: 16    God:    Cheibriados [*.....]
Gold:   21         SH:  0    Dex: 17    Spells: 2/7 levels left

rFire    . . .     SeeInvis .   s - +2 rapier (protect)
rCold    . . .     Gourm    .   (no shield)
rNeg     . . .     Faith    .   (helmet restricted)
rPois    .         Spirit   .   (no amulet)
rElec    .         Reflect  .   (no ring)
rCorr    .         Harm     .   (no ring)
MR       .....                  (no ring)
Stlth    +++++.....             (no ring)
HPRegen  0.16/turn              (no ring)
MPRegen  0.13/turn              (no ring)
                                (no ring)
                                (no ring)

@: very slow
A: almost no armour, stealthy swim, amphibious, 8 rings, constrict 8, camouflage
1, gelatinous body 1
a: Bend Time, Renounce Religion


You were in a bailey.
You worshipped Cheibriados.
Cheibriados was aware of your devotion.
You were not hungry.

You visited 1 branch of the dungeon, and saw 8 of its levels.
You also visited: Bailey.

You collected 181 gold pieces.
You spent 160 gold pieces at shops.

Inventory:

Hand Weapons
 s - a +2 rapier of protection (weapon)
Missiles
 w - 16 poisoned darts (quivered)
 C - 33 boomerangs
Wands
 b - a wand of paralysis (7)
 c - a wand of enslavement (8)
 d - a wand of random effects (12)
 m - a wand of acid (19)
 t - a wand of scattershot (8)
 A - a wand of disintegration (5)
Scrolls
 e - a scroll of enchant weapon {unknown}
 g - 2 scrolls of immolation {unknown}
 h - 2 scrolls of enchant armour
 i - a scroll of remove curse
 j - 2 scrolls of identify
 l - a scroll of amnesia {unknown}
 o - a scroll of magic mapping
 p - a scroll of noise {unknown}
 q - a scroll of teleportation
 y - a scroll of holy word {unknown}
Potions
 a - a potion of ambrosia {unknown}
 f - a potion of stabbing {unknown}
 k - a potion of might {unknown}
 n - 2 potions of curing {unknown}
 r - 2 potions of flight
 u - a potion of haste {unknown}
 x - a potion of degeneration {unknown}
 B - a potion of heal wounds {unknown}
Comestibles
 v - 3 rations


   Skills:
 + Level 1.9 Fighting
 - Level 1.0 Short Blades
 + Level 2.7 Dodging
 + Level 7.0 Stealth
 * Level 6.7 Unarmed Combat
 + Level 6.2 Evocations


You had 2 spell levels left.
You knew the following spells:

 Your Spells              Type           Power        Failure   Level  Hunger
a - Stone Arrow           Conj/Erth      #.....       58%         3    ####...
b - Animate Skeleton      Necr           N/A          26%         1    ##.....
c - Apportation           Tloc           #.....       26%         1    ##.....

Your spell library contained the following spells:

 Spells                   Type           Power        Failure   Level  Hunger
 Corona                   Hex            #......      26%         1    ##.....
 Sandblast                Erth           #.....       26%         1    ##.....
 Summon Small Mammal      Summ           #...         26%         1    ##.....
 Passwall                 Tmut/Erth      #.......     36%         2    ###....
 Petrify                  Tmut/Erth      #.......     94%         4    #####..
 Lee's Rapid Deconstruct  Erth           #.........   100%        5    ######.


Dungeon Overview and Level Annotations

Branches:
Dungeon (8/15)             Temple (0/1) D:7          Bailey (1/1)
   Lair: D:8-11

Altars:
Ashenzari
Cheibriados
Uskayaw
Yredelemnul

Shops:
D:6 (   D:8 *%*


Innate Abilities, Weirdness & Mutations

You cannot wear most types of armour.
You are very stealthy in the water. (Stealth+)
You are amphibious.
You can wear up to eight rings at the same time.
You can use your tentacles to constrict eight enemies at once.
Your skin changes colour to match your surroundings (Stealth+).
Your rubbery body absorbs attacks. (AC +1, EV +1)


Message History

You kill the gnoll!
Cheibriados appreciates the change of pace.
Your Stealth skill increases to level 7!
The kobold throws a boomerang.
The boomerang misses you.
The weapon returns to the kobold!
The kobold throws a boomerang.
The boomerang hits you.
The weapon returns to the kobold!
Things that are here:
a +0 hand axe; a cursed +0 leather armour; a gnoll corpse You miss the kobold.
Your grab misses the kobold.
Your tentacle-slap misses the kobold.
The kobold misses you.
You barely miss the kobold. You grab the kobold. You squeeze the kobold.
You kill the kobold!
Cheibriados appreciates the change of pace.
C - 33 boomerangs (gained 3)
Things that are here:
a +0 hand axe; a cursed +0 leather armour; a gnoll corpse
There is an open door here.
The orc warrior hits you with a +0 war axe!!
You die...

###........≈≈≈≈≈≈≈≈≈###
##.......≈≈≈≈≈≈≈≈≈≈≈≈≈≈###
##.......≈≈≈≈#########≈≈≈≈##
##.....≈≈≈≈≈≈∩#.......#∩≈≈≈≈≈
≈≈≈≈≈≈≈≈≈≈)####o......####≈≈≈
≈≈≈≈≈≈...).#..####g####..#.†≈
≈#.....[###...^ ... ^...###.
###....)#.o..####g####..+ #.
##.....).###@.# .. #..# #.
#.....⌠....#..# #..+ #g
##.........#'## ######g
##........)..# #####..g...
####.......................
#############.##########


You could see an orc warrior.

Vanquished Creatures
  Eustachio (D:6)
  Menkaure (D:7)
  3 orc warriors
  An iguana (D:6)
  An ogre (D:5)
  A centaur (D:8)
  A wyvern skeleton (D:6)
  2 crimson imps (D:8)
  2 hounds
  A bullfrog skeleton (D:4)
  An iron imp (D:6)
  2 orc wizards (D:7)
  A worker ant (D:4)
  2 gnolls (Bailey)
  A howler monkey skeleton (D:5)
  An adder (D:7)
  A shadow imp (D:8)
  2 adder skeletons
  A worm (D:4)
  A leopard gecko (D:6)
  8 orcs
  2 giant cockroaches (D:5)
  7 goblins
  2 hobgoblins
  15 jackals
  A quokka (D:4)
  2 bats
  A frilled lizard (D:3)
  15 kobolds
  A quokka zombie (D:6)
  A rat (D:2)
82 creatures vanquished.

Vanquished Creatures (collateral kills)
  Sigmund (D:6)
  A goblin (Bailey)
  A bat (D:3)
3 creatures vanquished.

Vanquished Creatures (others)
  An ogre (D:6)
1 creature vanquished.

Grand Total: 86 creatures vanquished

Notes
Turn   | Place    | Note
-------+----------+-------------------------------------------
     0 | D:1      | Maedhros the Octopode Artificer began the quest for the
                  | Orb.
     0 | D:1      | Reached XP level 1. HP: 13/13 MP: 3/3
   120 | D:1      | Reached skill level 1 in Unarmed Combat
   120 | D:1      | Reached XP level 2. HP: 6/18 MP: 4/4
   341 | D:2      | Reached skill level 2 in Stealth
   661 | D:4      | Reached XP level 3. HP: 11/23 MP: 5/5
   664 | D:4      | HP: 1/23 [quokka (5)]
   992 | D:4      | Found a hide-covered altar of Uskayaw.
   999 | D:4      | Reached skill level 3 in Stealth
   999 | D:4      | Reached XP level 4. HP: 10/28 MP: 6/6
  1109 | D:4      | Found the +3 robe of Clouds {+Thunder rCloud rElec}
  1183 | D:4      | Found a shattered altar of Ashenzari.
  1183 | D:4      | You fall into a shaft and drop 3 floors!
  1238 | D:7      | Noticed an orc warrior
  1250 | D:7      | Killed an orc warrior
  1250 | D:7      | Reached skill level 4 in Stealth
  1250 | D:7      | Reached XP level 5. HP: 16/33 MP: 8/8
  1253 | D:7      | Reached XP level 6. HP: 19/38 MP: 9/9
  1612 | D:6      | Found Vioc's Weapon Emporium.
  1633 | D:6      | Noticed Eustachio
  1651 | D:6      | Killed Eustachio
  1670 | D:6      | Killed Sigmund
  1670 | D:6      | Reached skill level 5 in Stealth
  1670 | D:6      | Reached skill level 5 in Evocations
  1670 | D:6      | Reached XP level 7. HP: 10/43 MP: 10/10
  1884 | D:6      | Found a snail-covered altar of Cheibriados.
  1895 | D:6      | Reached skill level 5 in Unarmed Combat
  1990 | D:6      | Became a worshipper of Cheibriados the Contemplative
  2000 | D:5      | Entered Level 5 of the Dungeon
  2074 | D:6      | Learned a level 3 spell: Stone Arrow
  2194 | D:5      | Reached skill level 6 in Stealth
  2223 | D:5      | Found a basalt altar of Yredelemnul.
  2329 | D:7      | Learned a level 1 spell: Animate Skeleton
  2331 | D:7      | Learned a level 1 spell: Apportation
  2367 | D:7      | Found a staircase to the Ecumenical Temple.
  2396 | D:7      | Noticed Menkaure
  2401 | D:7      | Killed Menkaure
  2401 | D:7      | Reached XP level 8. HP: 26/48 MP: 12/12
  2566 | D:8      | Found Vuum's General Store.
  2575 | D:8      | Reached * piety under Cheibriados
  2584 | D:8      | Bought a wand of disintegration (6) for 160 gold pieces
  2601 | D:8      | Found Omoghio's Assorted Antiques.
  2603 | D:8      | Found Ucuzudoc's Food Boutique.
  2619 | D:8      | Found a flagged portal.
  2624 | Bailey   | Entered a bailey
  3029 | Bailey   | Reached skill level 7 in Stealth
  3038 | Bailey   | Slain by an orc warrior

Levels and vault maps discovered:
D:1:      co_arrival_random_square_maze, layout_loops_cross,
          hangedman_decor_push, minmay_vboxes
D:2:      layout_loops_cross, chequers_ecumenical_altar_simple,
          grunt_ministairs_6, minmay_crystal_water, kennysheep_generic_room_4
D:3:      layout_rooms, minitemple, uniq_terence, uniq_natasha,
          uniq_crazy_yiuf_cottage
D:4:      layout_loops_ring, nicolae_overflow_crystal_walls,
          evilmike_ruin_ashenzari
D:5:      layout_layer_cave, old_standard_altar, first_ration,
          kb_lookout_dungeons_type
D:6:      layout_rooms, slow_altar_1, serial_shops, shop, uniq_sigmund,
          uniq_eustachio, uniq_edmund
D:7:      layout_basic, minmay_temple_entry_gardened_gates, uniq_menkaure
D:8:      layout_rooms, enter_bailey_3, serial_shops, shop, shop, shop,
          shop_statue, nicolae_shop_trees
Bailey:   bailey_axe_4, bailey

Skill      XL: |  1  2  3  4  5  6  7  8 |
---------------+-------------------------+-----
Unarmed Combat | 1 2 3 4 6 |  6.7
Stealth        | 2 3 4 5 6 7 |  7.0
Evocations     | 4 5 6 |  6.2
Fighting       | |  1.9
Short Blades   | |  1.0
Dodging        | |  2.7

Action                   |  1- 3 |  4- 6 |  7- 9 || total
-------------------------+-------+-------+-------++-------
Melee: Short sword       |    55 |    27 |       ||    82
       Constrict         |    18 |     6 |    21 ||    45
       Tentacles         |    10 |     7 |    19 ||    36
       Punch             |       |     2 |       ||     2
       Rapier            |       |       |    89 ||    89
Throw: Dart              |       |       |     4 ||     4
Evoke: Wand              |     3 |    10 |    17 ||    30
  Use: Scroll            |       |       |     5 ||     5
 Stab: Sleeping          |       |     2 |     2 ||     4
  Eat: Ration            |       |     1 |       ||     1
       Chunk             |       |       |     3 ||     3
Armor: Skin              |     3 |     1 |    17 ||    21
Dodge: Dodged            |    51 |    20 |    72 ||   143

Table legend:
 A = Non-vault XP
 B = Vault XP
 C = Vault XP percentage of total XP
 D = Non-vault monster count
 E = Vault monster count
 F = Vault count percentage of total count
                 A         B        C        D         E       F
            +---------+---------+-------+---------+---------+-------
      Total |     989 |     855 |  46.4 |      57 |      28 |  32.9
            +---------+---------+-------+---------+---------+-------
        D:1 |      13 |       0 |   0.0 |       8 |       0 |   0.0
        D:2 |       7 |       1 |  12.5 |       5 |       1 |  16.7
        D:3 |       6 |       0 |   0.0 |       4 |       0 |   0.0
        D:4 |      84 |       0 |   0.0 |       5 |       0 |   0.0
        D:5 |     184 |       0 |   0.0 |       9 |       0 |   0.0
        D:6 |     236 |     359 |  60.3 |      13 |       3 |  18.8
        D:7 |     232 |     169 |  42.1 |       6 |       1 |  14.3
        D:8 |     227 |       7 |   3.0 |       7 |       4 |  36.4
     Bailey |       0 |     319 | 100.0 |       0 |      19 | 100.0
            +---------+---------+-------+---------+---------+-------
